 Dungeon Crawl Stone Soup version 0.30-a0-1016-gfb0d676c02 (webtiles) character file.

Game seed: 9182844211523890817

589 DeathPants the Firebug (level 7, 59/59 HPs)
             Began as a White Draconian Fire Elementalist on Apr 6, 2023.
             Quit the game on level 5 of the Dungeon.
             The game lasted 00:14:07 (3635 turns).

DeathPants the Firebug (DrFE)                       Turns: 3635, Time: 00:14:08

Health: 59/59      AC:  8    Str: 10    XL:     7   Next: 15%
Magic:  5/12       EV: 12    Int: 15    God:
Gold:   174        SH:  0    Dex: 14    Spells: 6/13 levels left

rFire   . . .      SeeInvis .    a - +1 dagger (speed)
rCold   + . .      Faith    .    (no shield)
rNeg    . . .      Spirit   .    (body armour unavailable)
rPois   .          Reflect  .    (helmet restricted)
rElec   .          Rampage  .    h - +0 cloak
rCorr   .                        (no gloves)
Will    .....                    s - +0 pair of boots
Stlth   ++                       (no amulet)
HPRegen 0.29/turn                v - ring of wizardry
MPRegen 0.13/turn                w - ring of wizardry

@: no status effects
A: breathe frost, AC +6, unfitting armour, cold resistance 1, cold-blooded
a: Breathe Frost


You were on level 5 of the Dungeon.
You visited 1 branch of the dungeon, and saw 5 of its levels.

You collected 174 gold pieces.

Inventory:

Hand Weapons
 a - a +1 dagger of speed (weapon)
Missiles
 g - 4 poisoned darts
 t - 5 atropa-tipped darts
Armour
 h - a +0 cloak (worn)
 s - a +0 pair of boots (worn)
Jewellery
 q - a ring of flight
 v - a ring of wizardry (left hand)
 w - a ring of wizardry (right hand)
Scrolls
 c - a scroll of vulnerability
 d - a scroll of teleportation {unknown}
 i - a scroll of fear {unknown}
 k - a scroll of immolation {unknown}
 l - a scroll of amnesia {unknown}
 m - a scroll of enchant armour {unknown}
Potions
 b - 2 potions of heal wounds
 e - a potion of invisibility
 f - 2 potions of might {unknown}
 j - a potion of cancellation {unknown}
 n - 2 potions of lignification {unknown}
 o - a potion of brilliance {unknown}
 p - a potion of mutation {unknown}
 r - a potion of haste {unknown}
 u - a potion of degeneration {unknown}


   Skills:
 + Level 4.0 Fighting
 - Level 1.7 Dodging
 - Level 1.7 Stealth
 + Level 3.9 Spellcasting
 + Level 3.8 Conjurations
 + Level 4.0 Fire Magic


You had 6 spell levels left.
You knew the following spells:

 Your Spells              Type           Power      Damage    Failure   Level
a - Foxfire               Conj/Fire      56%        2x1d6     1%          1
b - Scorch                Fire           28%        2d6       1%          2
c - Flame Wave            Conj/Fire      14%        2d6       11%         4

Your spell library contained the following spells:

 Spells                   Type           Power      Damage    Failure   Level
 Beastly Appendage        Tmut           4%         N/A       5%          1
 Inner Flame              Hex/Fire       8%         N/A       7%          3
 Stone Arrow              Conj/Erth      16%        3d8       7%          3
 Volatile Blastmotes      Fire/Tloc      16%        2d11      7%          3
 Wereblood                Tmut           2%         N/A       8%          2
 Spider Form              Tmut/Pois      2%         N/A       16%         3
 Lehudib's Crystal Spear  Conj/Erth      4%         10d3      100%        8
 Animate Armour           Summ/Erth      Unusable   N/A       N/A         4

Dungeon Overview and Level Annotations

Branches:
Dungeon (5/15)
 Temple: D:4-7

Altars:


Innate Abilities, Weirdness & Mutations

You can breathe waves of freezing cold which knock back foes.
Your icy white scales are hard. (AC +6)
You cannot fit into any form of body armour.
Your flesh is cold resistant. (rC+)
You are cold-blooded and may be slowed by cold attacks.


Message History

You can't see any susceptible monsters within range! (Use Z to cast anyway.)
Casting: Foxfire (safe; 1% risk of failure)
Confirm with . or Enter, or press ? or * to list all spells.
Flames lash the ogre.
The ogre shouts!
The ogre is moderately wounded.
The ogre's fire resistance burns away.
There is a stone staircase leading up here.
Casting: Foxfire (safe; 1% risk of failure)
Press: ? - help, Q - select action, (/) - cycle Dir - look around, f - activate You conjure some foxfire!
The foxfire hits the ogre.
The ogre is burned terribly!
The ogre is heavily wounded.
You barely miss the ogre.
The ogre is heavily wounded.
The foxfire hits the ogre.
The ogre is burned terribly!
The ogre is heavily wounded.
Casting: Foxfire (safe; 1% risk of failure)
Press: ? - help, Q - select action, (/) - cycle Dir - look around, f - activate You conjure some foxfire!
The ogre is no longer more vulnerable to fire.
You hit the ogre.
The ogre is severely wounded.
The foxfire hits the ogre.
The ogre is almost dead.
The ogre misses you.
Casting: Foxfire (safe; 1% risk of failure)
Confirm with . or Enter, or press ? or * to list all spells.
Flames lash the ogre.
You kill the ogre!
Your Fighting skill increases to level 4!
You have reached level 7!
Your scales start taking on an icy white colour.
You learn Fire Magic much slower.
You learn Ice Magic much quicker.
You can breathe waves of freezing cold which knock back foes.
You feel resistant to cold.
Unknown command.
Enter note: quit Unknown command.
Are you sure you want to abandon this character and quit the game? (Confirm with "yes".)

#########
.......@#
#######)#
#.# #.#
... #.#
#.# #..
###


There were no monsters in sight!

Vanquished Creatures
  Grinder (D:3)
  2 ogres
  A scorpion (D:4)
  Robin (D:2)
  3 gnolls (D:2)
  3 adders (D:2)
  4 worms (D:2)
  3 dart slugs
  2 orcs
  5 bats
  9 endoplasms
  5 giant cockroaches
  12 goblins
  12 hobgoblins
  3 quokkas
  7 ball pythons
  3 frilled lizards
  6 kobolds
  6 rats
88 creatures vanquished.

Vanquished Creatures (others)
  159 foxfires
159 creatures vanquished.

Grand Total: 247 creatures vanquished

Notes
Turn   | Place    | Note
-------+----------+-------------------------------------------
     0 | D:1      | DeathPants the Draconian Fire Elementalist began the quest
                  | for the Orb.
     0 | D:1      | Reached XP level 1. HP: 14/14 MP: 3/3
   187 | D:1      | Found a faded altar of an unknown god.
   267 | D:1      | Reached XP level 2. HP: 22/22 MP: 1/5
   426 | D:1      | Reached skill level 1 in Fighting
  1094 | D:2      | Learned a level 2 spell: Scorch
  1096 | D:2      | Reached XP level 3. HP: 28/28 MP: 4/6
  1565 | D:2      | Reached XP level 4. HP: 36/36 MP: 3/7
  1789 | D:2      | Learned a level 4 spell: Flame Wave
  1928 | D:2      | Noticed Robin
  2090 | D:2      | Killed Robin
  2100 | D:2      | Reached XP level 5. HP: 33/42 MP: 3/9
  2942 | D:3      | Noticed Grinder
  2953 | D:3      | Paralysed by Grinder for 3 turns
  2954 | D:3      | Killed Grinder
  2955 | D:3      | Reached XP level 6. HP: 23/51 MP: 1/11
  3626 | D:5      | Entered Level 5 of the Dungeon
  3635 | D:5      | Your scales start taking on an icy white colour.
  3635 | D:5      | Reached XP level 7. HP: 59/59 MP: 5/12
  3635 | D:5      | Gained mutation: Your flesh is cold resistant. (rC+) [White
                  | Draconian growth]
  3635 | D:5      | quit
  3635 | D:5      | Quit the game

Illustrated notes

#########
.......@#
#######)#
#.# #.#
... #.#
#.# #..
###


Turn 3635 on D:5: quit

Levels and vault maps discovered:
D:1:      lightli_arrival_quake, layout_basic,
          shapermc_ecumenical_altar_mp_urbaneastern, minmay_misc_feat_hallway,
          minmay_cut_off
D:2:      layout_basic, uniq_robin
D:3:      layout_loops_cross, uniq_grinder
D:4:      layout_loops_ring
D:5:      layout_loops_cross, grunt_temple_overflow_magic_moments,
          mainiacjoe_overflow_surrounded_room

Skill      XL: |  1  2  3  4  5  6 |
---------------+-------------------+-----
Fighting       | 1 2 3 4 |  4.0
Conjurations   | 2 3 |  3.8
Spellcasting   | 3 |  3.9
Fire Magic     | 4 |  4.0
Dodging        | |  1.7
Stealth        | |  1.7

Action                     |  1- 3 |  4- 6 |  7- 9 || total
---------------------------+-------+-------+-------++-------
  Melee: Dagger            |    34 |   121 |       ||   155
         Tailslap          |     9 |    12 |       ||    21
   Cast: Foxfire           |    49 |    49 |       ||    98
         Scorch            |     6 |    18 |       ||    24
    Use: Scroll            |       |     4 |       ||     4
 Armour: Skin              |    17 |    66 |       ||    83
  Dodge: Dodged            |    29 |   105 |       ||   134

Table legend: (Time is in decaauts)
 A = Elapsed time spent in this place.
 B = Non-inter-level travel time spent in this place.
 C = Inter-level travel time spent in this place.
 D = Time resting spent in this place.
 E = Time spent auto-exploring this place.
 F = Levels seen in this place.
 G = Mean time per level.
                   A        B        C        D        E       F      G
               +--------+--------+--------+--------+--------+-----+--------+
         Total |   3621 |   3549 |     72 |    332 |   2356 |   5 |  724.2 |
       Dungeon |   3621 |   3549 |     72 |    332 |   2356 |   5 |  724.2 |
               +--------+--------+--------+--------+--------+-----+--------+

Top non-repeatable levels by time:
     D:1: 1144 daAuts
     D:2: 1116 daAuts
     D:3: 1052 daAuts
     D:4: 300 daAuts
     D:5: 8 daAuts
